 Dungeon Crawl Stone Soup version 0.29-a0-821-g66395355a5 (webtiles) character file.

Game seed: 13697521758507680923

207 diecastcamel the Protected (level 5, -1/38 HPs)
             Began as a Gnoll Wanderer on July 7, 2022.
             Slain by an ogre
             ... wielding a +0 giant club
              (15 damage)
             ... on level 3 of the Dungeon.
             The game lasted 00:15:49 (4230 turns).

diecastcamel the Protected (Gnoll Wanderer)         Turns: 4230, Time: 00:15:50

Health: -1/38      AC: 11    Str: 18    XL:     5   Next: 85%
Magic:  12/12      EV:  8    Int:  9    God:
Gold:   221        SH:  0    Dex:  9    Spells: 14/14 levels left

rFire   . . .      SeeInvis .   i - +0 whip
rCold   . . .      Faith    .   (no shield)
rNeg    . . .      Spirit   .   d - +0 chain mail
rPois   .          Reflect  .   (no helmet)
rElec   .          Harm     .   (no cloak)
rCorr   .          Rampage  .   (no gloves)
Will    .....                   (no boots)
Stlth   ..........              j - amulet of magic regeneration
HPRegen 0.12/turn               (no ring)
MPRegen 0.53/turn               (no ring)

@: about to teleport
A: fangs 1, strong nose, distributed training
a: no special abilities


You were on level 3 of the Dungeon.
You visited 1 branch of the dungeon, and saw 4 of its levels.

You collected 221 gold pieces.

Inventory:

Hand Weapons
 i - a +0 whip (weapon)
 u - a +0 trident
Missiles
 h - 14 stones (quivered)
 k - 3 javelins
 v - 2 boomerangs
Armour
 d - a +0 chain mail (worn)
 p - a +0 ring mail
 q - a +0 robe
Jewellery
 j - an amulet of magic regeneration (around neck)
Scrolls
 b - 4 scrolls of identify {unknown}
 c - 2 scrolls of teleportation
 f - a scroll of blinking {unknown}
 l - a scroll of enchant armour {unknown}
 o - a scroll of magic mapping {unknown}
 s - a scroll of fog {unknown}
Potions
 a - a potion of magic {unknown}
 e - a potion of mutation {unknown}
 g - 3 potions of curing {unknown}
 m - a potion of berserk rage {unknown}
 n - 2 potions of degeneration {unknown}
 r - a potion of haste {unknown}
 t - 2 potions of heal wounds {unknown}


   Skills:
 + Level 1.7 Fighting
 + Level 1.7 Short Blades
 + Level 1.7 Long Blades
 + Level 1.7 Axes
 + Level 1.7 Maces & Flails
 + Level 1.7 Polearms
 + Level 1.7 Staves
 + Level 1.7 Ranged Weapons
 + Level 1.7 Throwing
 + Level 8.7 Armour
 + Level 1.7 Dodging
 + Level 2.9 Stealth
 + Level 1.7 Shields
 + Level 1.7 Unarmed Combat
 + Level 5.3 Spellcasting
 + Level 1.3 Conjurations
 + Level 1.3 Hexes
 + Level 1.3 Summonings
 + Level 1.3 Necromancy
 + Level 1.3 Translocations
 + Level 2.5 Transmutations
 + Level 1.3 Fire Magic
 + Level 1.3 Ice Magic
 + Level 1.3 Air Magic
 + Level 1.3 Earth Magic
 + Level 1.3 Poison Magic
 + Level 3.2 Invocations
 + Level 3.1 Evocations


You had 14 spell levels left.
You didn't know any spells.
Your spell library contained the following spells:

 Spells                   Type           Power      Damage    Failure   Level
 Wereblood                Tmut           6%         N/A       75%         2
 Freeze                   Ice            16%        1d4       77%         1
 Passwall                 Tmut/Erth      4%         N/A       83%         2
 Ensorcelled Hibernation  Hex/Ice        8%         N/A       88%         2
 Spider Form              Tmut/Pois      5%         N/A       96%         3
 Frozen Ramparts          Ice            8%         1d2       98%         3
 Anguish                  Hex/Necr       2%         N/A       100%        4
 Hailstorm                Conj/Ice       4%         3d4       100%        4


Dungeon Overview and Level Annotations

Branches:
Dungeon (4/15)
 Temple: D:4-7

Altars:
Kikubaaqudgha


Innate Abilities, Weirdness & Mutations

You have very sharp teeth.
Your uncanny sense of smell can sniff out nearby items.
Your experience applies equally to all skills.


Message History

The adder is moderately wounded.
The kobold throws a stone.
The stone closely misses you.
Throw: 15 stones
Press: ? - help, Q - select action, (/) - cycle Shift-Dir - straight line, f/p - adder
Aim: an adder (moderately wounded, 29% to hit)
You throw a stone.
The stone hits the adder but does no damage.
The adder is moderately wounded.
The kobold throws a stone.
The stone hits you but does no damage. The adder closely misses you.
You climb upwards.
There is a stone staircase leading down here.
You closely miss the adder.
The adder is moderately wounded.
The adder bites you but does no damage. The adder barely misses you.
You hit the adder.
The adder is moderately wounded.
The adder bites you but does no damage.
You hit the adder.
The adder is heavily wounded.
The adder bites you but does no damage.
You hit the adder.
You kill the adder!
No target in view!
No target in view!
You climb downwards.
The hobgoblin shouts!
The ogre shouts!
The kobold hits you with a +0 dagger. The quokka bites you.
There is a stone staircase leading up here.
The quokka bites you but does no damage.
The kobold closely misses you.
The ogre hits you with a +0 giant club!!
Ouch! That really hurt!
You climb upwards.
There is a stone staircase leading down here.
As you read the scroll of teleportation, it crumbles to dust.
You feel strangely unstable.
The quokka bites you but does no damage.
The kobold hits you but does no damage. The ogre hits you with a +0 giant club!
You die...

########### #.........#
#.........# #K.....>..#
##O@r......#
########..........#
#####.................#
#.....#######.........#
###.##### ####.#######
.##.# #.<..# ....###
##.#### ###...# #..#
#...### ##.##


You could see an ogre, a quokka and a kobold.

Vanquished Creatures
  Natasha (thrice) (D:3)
  7 adders
  A worm (D:2)
  3 dart slugs
  2 orcs
  8 bats
  An endoplasm (D:2)
  A giant cockroach (D:1)
  6 hobgoblins
  4 jackals (D:2)
  4 kobolds
  A quokka (D:1)
  6 ball pythons
  A frilled lizard (D:2)
  5 goblins
  7 rats
60 creatures vanquished.

Vanquished Creatures (others)
  9 plants (D:2)
9 creatures vanquished.

Grand Total: 69 creatures vanquished

Notes
Turn   | Place    | Note
-------+----------+-------------------------------------------
     0 | D:1      | diecastcamel the Gnoll Wanderer began the quest for the
                  | Orb.
     0 | D:1      | diecastcamel set off with the following items: a +0 club, a
                  | potion of lignification, a scroll of teleportation, a +0
                  | chain mail; and the following spells available to memorise:
                  | Wereblood, Passwall.
     0 | D:1      | Reached XP level 1. HP: 13/13 MP: 6/6
   470 | D:1      | Reached XP level 2. HP: 17/19 MP: 7/7
   938 | D:1      | Reached skill level 5 in Spellcasting
   938 | D:1      | Reached XP level 3. HP: 23/25 MP: 7/9
  1276 | D:1      | Found a faded altar of an unknown god.
  1710 | D:2      | Reached skill level 1 in Fighting
  1710 | D:2      | Reached skill level 1 in Short Blades
  1710 | D:2      | Reached skill level 1 in Long Blades
  1710 | D:2      | Reached skill level 1 in Axes
  1710 | D:2      | Reached skill level 1 in Maces & Flails
  1710 | D:2      | Reached skill level 1 in Polearms
  1710 | D:2      | Reached skill level 1 in Staves
  1710 | D:2      | Reached skill level 1 in Ranged Weapons
  1710 | D:2      | Reached skill level 1 in Throwing
  1710 | D:2      | Reached skill level 1 in Dodging
  1710 | D:2      | Reached skill level 1 in Shields
  1710 | D:2      | Reached skill level 1 in Unarmed Combat
  1784 | D:2      | Reached XP level 4. HP: 32/32 MP: 11/11
  2120 | D:2      | Reached skill level 1 in Conjurations
  2120 | D:2      | Reached skill level 1 in Hexes
  2120 | D:2      | Reached skill level 1 in Summonings
  2120 | D:2      | Reached skill level 1 in Necromancy
  2120 | D:2      | Reached skill level 1 in Translocations
  2120 | D:2      | Reached skill level 1 in Fire Magic
  2120 | D:2      | Reached skill level 1 in Ice Magic
  2120 | D:2      | Reached skill level 1 in Air Magic
  2120 | D:2      | Reached skill level 1 in Earth Magic
  2120 | D:2      | Reached skill level 1 in Poison Magic
  2120 | D:2      | Found an ancient bone altar of Kikubaaqudgha.
  3194 | D:3      | Reached XP level 5. HP: 24/37 MP: 12/12
  3428 | D:3      | Noticed Natasha
  3444 | D:3      | Killed Natasha
  3686 | D:3      | Noticed Natasha
  3703 | D:3      | Killed Natasha
  3867 | D:3      | Noticed Natasha
  3892 | D:3      | Killed Natasha
  4227 | D:4      | Noticed an ogre
  4230 | D:3      | Slain by an ogre

Illustrated notes

Levels and vault maps discovered:
D:1:      nicolae_arrival_memento_mori, layout_basic,
          dreamdust_ecumenical_altar_angels_and_demons,
          roderic_cross_of_infinity, roderic_serpentine_path,
          minmay_tetromino_l2
D:2:      wander_river, layout_loops_ring, basic_altar, serial_bayou_ford_a
D:3:      layout_rooms, uniq_natasha
D:4:      layout_cave_pools, mainiacjoe_overflow_large_starburst, wad_orctagon,
          uniq_sigmund

Skill      XL: |  1  2  3  4  5 |
---------------+----------------+-----
Transmutations | 2 |  2.5
Spellcasting   | 5 |  5.3
Fighting       | 1 |  1.7
Short Blades   | 1 |  1.7
Long Blades    | 1 |  1.7
Axes           | 1 |  1.7
Maces & Flails | 1 |  1.7
Polearms       | 1 |  1.7
Staves         | 1 |  1.7
Ranged Weapons | 1 |  1.7
Throwing       | 1 |  1.7
Dodging        | 1 |  1.7
Shields        | 1 |  1.7
Unarmed Combat | 1 |  1.7
Conjurations   | 1 |  1.3
Hexes          | 1 |  1.3
Summonings     | 1 |  1.3
Necromancy     | 1 |  1.3
Translocations | 1 |  1.3
Fire Magic     | 1 |  1.3
Ice Magic      | 1 |  1.3
Air Magic      | 1 |  1.3
Earth Magic    | 1 |  1.3
Poison Magic   | 1 |  1.3
Invocations    | 3 |  3.2
Evocations     | 3 |  3.1
Armour         | |  8.7
Stealth        | |  2.9

Action                   |  1- 3 |  4- 6 || total
-------------------------+-------+-------++-------
Melee: Club              |    70 |       ||    70
       Bite              |    16 |    12 ||    28
       Whip              |   124 |   218 ||   342
       Punch             |     2 |     2 ||     4
Throw: Stone             |     6 |    11 ||    17
  Use: Potion            |       |     1 ||     1
       Scroll            |       |     1 ||     1
Armor: Chain mail        |   166 |   129 ||   295
       Skin              |       |    22 ||    22
Dodge: Dodged            |    88 |    99 ||   187

Table legend: (Time is in decaauts)
 A = Elapsed time spent in this place.
 B = Non-inter-level travel time spent in this place.
 C = Inter-level travel time spent in this place.
 D = Time resting spent in this place.
 E = Time spent auto-exploring this place.
 F = Levels seen in this place.
 G = Mean time per level.
                   A        B        C        D        E       F      G
               +--------+--------+--------+--------+--------+-----+--------+
         Total |   4316 |   4157 |    159 |   1449 |   1681 |   4 | 1079.0 |
       Dungeon |   4316 |   4157 |    159 |   1449 |   1681 |   4 | 1079.0 |
               +--------+--------+--------+--------+--------+-----+--------+

Top non-repeatable levels by time:
     D:1: 1604 daAuts
     D:2: 1540 daAuts
     D:3: 1165 daAuts
     D:4: 6 daAuts
